 Dungeon Crawl Stone Soup version 0.23-a0-171-g5ae17c6e89 (webtiles) character file.

50 Jesh the Vexing (level 3, -2/16 HPs)
             Began as a Spriggan Enchanter on Sept 15, 2018.
             Slain by a killer bee zombie (5 damage)
             ... on level 2 of the Dungeon.
             The game lasted 00:03:55 (1982 turns).

Jesh the Vexing (Spriggan Enchanter)                Turns: 1982, Time: 00:03:55

Health: -2/16      AC:  4    Str:  9    XL:     3   Next: 55%
Magic:  3/9        EV: 18    Int: 17    God:
Gold:   48         SH:  0    Dex: 16    Spells: 1/10 levels left

rFire    . . .     SeeInvis +   a - +2 dagger
rCold    . . .     Gourm    .   (shield restricted)
rNeg     . . .     Faith    .   b - +0 robe
rPois    .         Spirit   .   g - +2 hat
rElec    .         Reflect  .   (no cloak)
rCorr    .         Harm     .   (gloves unavailable)
MR       .....                  (boots unavailable)
Stlth    +++.......             (no amulet)
HPRegen  0.05/turn              f - ring of flight
MPRegen  0.11/turn              (no ring)

@: mighty, very quick
A: very small, unfitting armour, see invisible, herbivore, speed 3, slow
metabolism 2
a: Evoke Flight


You were on level 2 of the Dungeon.
You were not hungry.

You visited 1 branch of the dungeon, and saw 2 of its levels.

You collected 48 gold pieces.

Inventory:

Hand Weapons
 a - a +2 dagger (weapon)
Armour
 b - a +0 robe (worn)
 g - a +2 hat (worn)
Jewellery
 f - a ring of flight (left hand)
Scrolls
 h - a scroll of remove curse
Potions
 c - a potion of haste
Comestibles
 d - 3 rations


   Skills:
 - Level 1.1 Short Blades
 - Level 3.0 Dodging
 - Level 4.4 Stealth
 + Level 4.0 Spellcasting
 + Level 4.7 Hexes


You had one spell level left.
You knew the following spells:

 Your Spells              Type           Power        Failure   Level  Hunger
a - Ensorcelled Hibernat  Hex/Ice        ##....       9%          2    ##.....
b - Corona                Hex            ###....      2%          1    None
c - Confuse               Hex            ###.....     7%          3    ###....
d - Tukima's Dance        Hex            ###.....     7%          3    ###....

Your spell library contained the following spells:

 Spells                   Type           Power        Failure   Level  Hunger
 Dazzling Spray           Conj/Hex       ##....       19%         3    ###....


Dungeon Overview and Level Annotations

Branches:
Dungeon (2/15)

Altars:


Innate Abilities, Weirdness & Mutations

You are very small and have problems with some larger weapons.
You are too small for most types of armour.
You have supernaturally acute eyesight. (SInv)
You are a herbivore.
You cover ground extremely quickly.
You need to consume almost no food.


Message History

Confirm with . or Enter, or press ? or * to list all spells.
Aiming: Confuse (safe; 7% risk of failure)
Press: ? - help, Shift-Dir - straight line, f - killer bee zombie
Aim: a killer bee zombie (chance to defeat MR: 63%)
The killer bee zombie resists with significant effort.
The killer bee zombie barely misses you.
The killer bee zombie hits you!
* * * LOW HITPOINT WARNING * * *
Casting: Confuse (safe; 7% risk of failure)
Confirm with . or Enter, or press ? or * to list all spells.
Aiming: Confuse (safe; 7% risk of failure)
Press: ? - help, Shift-Dir - straight line, f/p - killer bee zombie
Aim: a killer bee zombie (chance to defeat MR: 63%)
The killer bee zombie resists with significant effort.
The killer bee zombie completely misses you.
The killer bee zombie closely misses you.
It was a potion of might.
You feel very mighty all of a sudden. The killer bee zombie misses you.
The killer bee zombie hits you.
You die...

##.## (#.#
##.###..#
###.#.#.####
#...........
#.##.##.####
#. #....#
#.####..#
#.......#
#..Z@..>#
#.###..## #
#....#
#.#.##
...... .##
##. # .# ..
.#


You could see a killer bee zombie.

Vanquished Creatures
  An ooze (D:1)
  A worm (D:2)
  4 leopard geckos
  2 ball pythons (D:1)
  2 giant cockroaches
  A goblin (D:1)
  6 hobgoblins (D:1)
  5 jackals (D:1)
  3 kobolds (D:1)
  4 bats
  2 frilled lizards (D:1)
  2 rats (D:1)
33 creatures vanquished.

Notes
Turn   | Place    | Note
-------+----------+-------------------------------------------
     0 | D:1      | Jesh the Spriggan Enchanter began the quest for the Orb.
     0 | D:1      | Reached XP level 1. HP: 9/9 MP: 5/5
   280 | D:1      | Reached XP level 2. HP: 10/13 MP: 5/7
   284 | D:1      | Learned a level 2 spell: Ensorcelled Hibernation
  1155 | D:1      | Reached XP level 3. HP: 16/16 MP: 3/9
  1166 | D:1      | Learned a level 3 spell: Confuse
  1170 | D:1      | Learned a level 3 spell: Tukima's Dance
  1982 | D:2      | Slain by a killer bee zombie

Vault maps used:
D:1:      moated_graveyard_arrival, serial_park_tiny_2
D:2:      cheibrodos_greedy_goblins, first_ration

Skill      XL: |  1  2  3 |
---------------+----------+-----
Spellcasting   | 3 4 |  4.0
Hexes          | 4 |  4.7
Short Blades   | |  1.1
Dodging        | |  3.0
Stealth        | |  4.4

Action                   || total
-------------------------++-------
Melee: Dagger            ||   127
 Cast: Corona            ||     4
       Ensorcelled Hiber ||    15
       Confuse           ||     3
 Abil: Evoke Flight      ||     2
  Use: Scroll            ||     4
       Potion            ||     1
 Stab: Sleeping          ||    15
Armor: Robe              ||    12
Dodge: Dodged            ||   138

Table legend:
 A = Non-vault XP
 B = Vault XP
 C = Vault XP percentage of total XP
 D = Non-vault monster count
 E = Vault monster count
 F = Vault count percentage of total count
                 A         B        C        D         E       F
            +---------+---------+-------+---------+---------+-------
      Total |      72 |       0 |   0.0 |      33 |       0 |   0.0
            +---------+---------+-------+---------+---------+-------
        D:1 |      58 |       0 |   0.0 |      28 |       0 |   0.0
        D:2 |      14 |       0 |   0.0 |       5 |       0 |   0.0
            +---------+---------+-------+---------+---------+-------
